 Dungeon Crawl Stone Soup version 0.23.0-38-g208d714 (webtiles) character file.

Game seed: 12125249549095695099

51 HEYYEYAAE the Bolt Thrower (level 3, -7/25 HPs)
             Began as an Octopode Hunter on Feb 27, 2019.
             Killed by nerve-wracking pain
             ... invoked by an orc priest
              (11 damage)
             ... on level 3 of the Dungeon.
             The game lasted 00:01:07 (1340 turns).

HEYYEYAAE the Bolt Thrower (Octopode Hunter)        Turns: 1340, Time: 00:01:08

Health: -7/25      AC:  1    Str: 11    XL:     3   Next: 81%
Magic:  3/3        EV: 14    Int: 13    God:
Gold:   124        SH:  0    Dex: 13    Spells: 2/2 levels left

rFire    . . .     SeeInvis .   b - +0 short sword
rCold    . . .     Gourm    .   (no shield)
rNeg     . . .     Faith    .   (helmet restricted)
rPois    .         Spirit   .   (no amulet)
rElec    .         Reflect  .   (no ring)
rCorr    .         Harm     .   (no ring)
MR       .....                  (no ring)
Stlth    +++.......             (no ring)
HPRegen  0.08/turn              (no ring)
MPRegen  0.08/turn              (no ring)
                                (no ring)
                                (no ring)

@: no status effects
A: almost no armour, stealthy swim, amphibious, 8 rings, constrict 8, camouflage
1, gelatinous body 1
a: no special abilities


You were on level 3 of the Dungeon.
You were not hungry.

You visited 1 branch of the dungeon, and saw 3 of its levels.

You collected 124 gold pieces.

Inventory:

Hand Weapons
 a - a +1 hand crossbow
 b - a +0 short sword (weapon)
Missiles
 c - 11 bolts
Jewellery
 g - a +2 ring of intelligence {unknown}
Scrolls
 f - 2 scrolls of teleportation {unknown}
 h - 2 scrolls of identify {unknown}
 j - 2 scrolls of remove curse {unknown}
 l - a scroll of magic mapping {unknown}
 m - a scroll of fear {unknown}
 o - a scroll of amnesia {unknown}
Potions
 e - 2 potions of curing {unknown}
 i - a potion of lignification {unknown}
 k - 2 potions of brilliance {unknown}
 n - a potion of ambrosia {unknown}
Comestibles
 d - 6 rations


   Skills:
 * Level 2.6 Fighting
 * Level 4.3 Crossbows
 * Level 2.9 Dodging
 + Level 2.1 Stealth


You had 2 spell levels left.
You didn't know any spells.
Your spell library was empty.

Dungeon Overview and Level Annotations

Branches:
Dungeon (3/15)

Altars:
Fedhas
Sif Muna


Innate Abilities, Weirdness & Mutations

You cannot wear most types of armour.
You are very stealthy in the water. (Stealth+)
You are amphibious.
You can wear up to eight rings at the same time.
You can use your tentacles to constrict eight enemies at once.
Your skin changes colour to match your surroundings (Stealth+).
Your rubbery body absorbs attacks. (AC +1, EV +1)


Message History

You hit the orc.
You kill the orc!
The orc hits you with a +0 club.
* * * LOW HITPOINT WARNING * * *
Things that are here:
a +0 club; an orc corpse You hit the orc.
You grab the orc.
The orc is moderately wounded.
You constrict the orc. The orc hits you with a +0 club.
* * * LOW HITPOINT WARNING * * *
You hit the orc. You squeeze the orc.
You kill the orc!
Things that are here:
a +0 club; an orc corpse You start resting.
An orc priest comes into view.
An orc priest is nearby!
The orc priest calls down the wrath of Beogh upon you.
Pain shoots through your body!
You die...

#..### # ...... # #.
#..##. .## ##.##..#
.## #>.
###...#..###.###.#
.o.#....?..<...#####
#...#.!###.........
#)##..........###
#)@...÷.....#.#
#)#.).####†.# #
#.#...# #...^.
#.#...# #.##.#
#.#..... ..# .#
#.....###... #
....... ...
#.#...###... #.#....


You could see an orc priest.

Vanquished Creatures
  An ooze (D:2)
  2 dart slugs
  4 orcs (D:3)
  A giant cockroach (D:2)
  3 goblins (D:1)
  5 hobgoblins (D:1)
  4 jackals
  8 bats
  A frilled lizard (D:1)
  4 kobolds
  4 rats
37 creatures vanquished.

Notes
Turn   | Place    | Note
-------+----------+-------------------------------------------
     0 | D:1      | HEYYEYAAE the Octopode Hunter began the quest for the Orb.
     0 | D:1      | Reached XP level 1. HP: 14/14 MP: 1/1
   200 | D:1      | Reached XP level 2. HP: 19/19 MP: 2/2
   631 | D:1      | Reached XP level 3. HP: 25/25 MP: 3/3
   970 | D:2      | Found a blossoming altar of Fedhas.
  1051 | D:2      | Found a deep blue altar of Sif Muna.
  1340 | D:3      | Killed from afar by an orc priest

Skill      XL: |  1  2  3 |
---------------+----------+-----
Stealth        | 2 |  2.1
Fighting       | |  2.6
Crossbows      | |  4.3
Dodging        | |  2.9

Action                   || total
-------------------------++-------
Melee: Short sword       ||    43
       Constrict         ||    12
       Tentacles         ||     8
 Fire: Hand crossbow     ||    44
 Stab: Sleeping          ||     3
  Eat: Chunk             ||     1
Armor: Skin              ||    14
Dodge: Dodged            ||    44
